 Dungeon Crawl Stone Soup version 0.28.0-53-g5a82cb258f (webtiles) character file.

Game seed: 2030780477965383907

2495 concernfroge the Thaumaturge (level 9, -19/45 HPs)
             Began as a Deep Elf Conjurer on June 18, 2022.
             Was a Follower of Vehumet.
             Demolished by an orc warlord
             ... wielding a +2 great mace of holy wrath
              (40 damage)
             ... in a bailey.
             The game lasted 00:31:34 (7646 turns).

concernfroge the Thaumaturge (Deep Elf Conjurer)    Turns: 7646, Time: 00:31:34

Health: -19/45     AC:  6    Str:  4    XL:     9   Next: 28%
Magic:  0/24       EV: 12    Int: 28    God:    Vehumet [*.....]
Gold:   84         SH:  0    Dex: 13    Spells: 12/26 levels left

rFire   + . .      SeeInvis .   (no weapon)
rCold   . . .      Faith    .   (no shield)
rNeg    . . .      Spirit   +   o - +2 robe {rF+}
rPois   .          Reflect  .   (helmet restricted)
rElec   .          Harm     .   (no cloak)
rCorr   .          Rampage  .   m - +1 pair of gloves
Will    .....                   (no boots)
Stlth   ++........              b - amulet of guardian spirit
HPRegen 0.15/turn               (no ring)
MPRegen 0.19/turn               (no ring)

@: about to teleport
A: claws 1, horns 1, wild magic 1
a: Renounce Religion


You were in a bailey.
You worshipped Vehumet.
Vehumet was aware of your devotion.
You visited 2 branches of the dungeon, and saw 9 of its levels.
You also visited: Bailey.

You collected 314 gold pieces.
You spent 230 gold pieces at shops.

Inventory:

Armour
 m - a +1 pair of gloves (worn)
 o - a +2 robe of fire resistance (worn)
Jewellery
 b - an amulet of guardian spirit (around neck)
Wands
 g - a wand of mindburst (5) (quivered)
 n - a wand of iceblast (7)
Scrolls
 d - a scroll of enchant weapon
 f - a scroll of teleportation
 h - a scroll of acquirement {unknown}
 k - a scroll of silence {unknown}
 l - 2 scrolls of noise
 p - a scroll of immolation {unknown}
 q - a scroll of fog {unknown}
Potions
 a - 2 potions of resistance {unknown}
 e - a potion of berserk rage
 i - 2 potions of curing
 j - 3 potions of lignification


   Skills:
 - Level 2.4 Dodging
 - Level 2.4 Stealth
 + Level 9.1 Spellcasting
 + Level 8.5 Conjurations
 + Level 7.7 Hexes
 + Level 6.4 Evocations


You had 12 spell levels left.
You knew the following spells:

 Your Spells              Type           Power      Damage    Failure   Level
a - Magic Dart            Conj           100%       1d8       1%          1
b - Searing Ray           Conj           100%       2d8       1%          2
c - Dazzling Flash        Conj/Hex       100%       N/A       1%          3
d - Fulminant Prism       Conj/Hex       33%        3d16      3%          4
e - Iskenderun's Mystic   Conj/Tloc      47%        2d10      12%         4

Your spell library contained the following spells:

 Spells                   Type           Power      Damage    Failure   Level
 Freeze                   Ice            64%        1d8       7%          1
 Slow                     Hex            100%       N/A       1%          1
 Confusing Touch          Hex            64%        N/A       1%          3
 Tukima's Dance           Hex            64%        N/A       1%          3
 Anguish                  Hex/Necr       22%        N/A       13%         4
 Vampiric Draining        Necr           16%        2d7       19%         3
 Enfeeble                 Hex            32%        N/A       89%         7


Dungeon Overview and Level Annotations

Branches:
Dungeon (8/15)             Temple (1/1) D:4          Bailey (1/1)
   Lair: D:8-11

Altars:
Ashenzari
Dithmenos
Elyvilon
Fedhas
Gozag
Hepliaklqana
Kikubaaqudgha
Makhleb
Nemelex Xobeh
Okawaru
Qazlal
Ru
Sif Muna
Trog
Uskayaw
Vehumet
Wu Jian
Xom
Yredelemnul
Zin
The Shining One

Shops:
D:4 (   D:5 *

Annotations:
D:6 2 transporters, GilGalad's ghost, novice MiFi
D:7 Joseph Bailey exclusion: orc warlord


Innate Abilities, Weirdness & Mutations

You have sharp fingernails.
You have a pair of small horns on your head.
Your spells are a little harder to cast, but a little more powerful.


Message History

You don't know that spell.
Casting: Fulminant Prism (dangerous; 3% risk of failure)
Confirm with . or Enter, or press ? or * to list all spells.
You don't know that spell.
Casting: Fulminant Prism (dangerous; 3% risk of failure)
Confirm with . or Enter, or press ? or * to list all spells.
Aiming: Fulminant Prism (dangerous; 3% risk of failure)
Press: ? - help, Dir - move target You conjure a prism of explosive energy!
A fulminant prism comes into view.
Your fulminant prism crackles loudly.
Your fulminant prism explodes!
The blast of energy engulfs the orc warlord!!
The orc warlord is heavily wounded.
You hear a shout! x3
Casting: Fulminant Prism (dangerous; 3% risk of failure)
Confirm with . or Enter, or press ? or * to list all spells.
Aiming: Fulminant Prism (dangerous; 3% risk of failure)
Press: ? - help, Dir - move target You conjure a prism of explosive energy!
A fulminant prism comes into view.
Your fulminant prism crackles loudly.
Your fulminant prism explodes!
The blast of energy engulfs the orc warlord!!
The orc warlord is severely wounded.
You hear a shout! x2
Casting: Fulminant Prism (dangerous; 3% risk of failure)
Confirm with . or Enter, or press ? or * to list all spells.
Aiming: Fulminant Prism (dangerous; 3% risk of failure)
Press: ? - help, Dir - move target You conjure a prism of explosive energy!
A fulminant prism comes into view.
The orc warlord hits you with a +2 great mace of holy wrath!!
Ouch! That really hurt!
Your fulminant prism crackles loudly.
As you read the scroll of teleportation, it crumbles to dust.
You feel strangely unstable.
The orc warlord hits you with a +2 great mace of holy wrath!!!
Ouch! That really hurt!
You die...

♣##'''##♣ ##.....##
#.......# ##.......##
#....)....#
##.........##
#######.....⌠)....###
##.....##.))......##..
#....@..)...)..))))...
##...o.))##.......##...
#.........#.......#....
##.....*...##.....##....
#.....⌠.....#######.....
##..)......## ##....
#.........# #....
##.......## ##...
#.......#


You could see an orc warlord (ally target) and a friendly fulminant prism.

Vanquished Creatures
  An orc knight (Bailey)
  Grinder (D:5)
  A water moccasin (D:6)
  2 ice beasts
  A sky beast (D:5)
  An orc warrior (Bailey)
  3 necrophages (D:7)
  2 ogres
  A centaur (D:7)
  A water moccasin skeleton (D:4)
  2 wights
  3 centaur zombies
  4 hounds (D:6)
  3 bullfrog skeletons
  2 centaur skeletons
  2 iguanas
  Terence (D:3)
  An orc wizard (D:4)
  A howler monkey skeleton (D:4)
  8 adders
  5 gnolls
  A shadow imp (D:6)
  An ufetubus (D:6)
  2 worms
  4 dart slugs
  11 orcs
  8 ball pythons
  5 endoplasms
  6 giant cockroaches
  13 goblins
  12 hobgoblins
  6 jackals
  4 bats
  4 frilled lizards
  A kobold (D:4)
  A quokka skeleton (D:4)
  14 rats
139 creatures vanquished.

Vanquished Creatures (others)
  15 fulminant prisms
  3 withered plants (D:7)
18 creatures vanquished.

Grand Total: 157 creatures vanquished

Notes
Turn   | Place    | Note
-------+----------+-------------------------------------------
     0 | D:1      | concernfroge the Deep Elf Conjurer began the quest for the
                  | Orb.
     0 | D:1      | Reached XP level 1. HP: 10/10 MP: 6/6
   124 | D:1      | Reached XP level 2. HP: 15/15 MP: 4/8
   127 | D:1      | Learned a level 2 spell: Searing Ray
   406 | D:1      | Reached skill level 4 in Spellcasting
   551 | D:1      | Reached skill level 5 in Conjurations
   551 | D:1      | Reached XP level 3. HP: 19/19 MP: 7/10
   587 | D:1      | Learned a level 3 spell: Dazzling Flash
   826 | D:1      | Gained mutation: You have sharp fingernails. [potion of
                  | mutation]
   826 | D:1      | Gained mutation: You have a pair of small horns on your
                  | head. [potion of mutation]
   826 | D:1      | Gained mutation: Your spells are a little harder to cast,
                  | but a little more powerful. [potion of mutation]
  1054 | D:2      | Found a hide-covered altar of Uskayaw.
  1703 | D:2      | Reached XP level 4. HP: 24/24 MP: 6/12
  1708 | D:2      | Learned a level 4 spell: Fulminant Prism
  2133 | D:3      | Noticed Terence
  2138 | D:3      | Killed Terence
  2139 | D:3      | Reached skill level 1 in Hexes
  2139 | D:3      | Reached skill level 1 in Evocations
  2815 | D:4      | Reached skill level 5 in Spellcasting
  2815 | D:4      | Reached XP level 5. HP: 28/28 MP: 5/14
  2820 | D:4      | Learned a level 4 spell: Iskenderun's Mystic Blast
  3094 | D:4      | Found Xoac's Antique Weapon Shoppe.
  3169 | D:4      | Found a staircase to the Ecumenical Temple.
  3186 | Temple   | Entered the Ecumenical Temple
  3802 | Temple   | Became a worshipper of Vehumet
  4012 | D:4      | Reached XP level 6. HP: 32/32 MP: 7/16
  4276 | D:5      | Entered Level 5 of the Dungeon
  4386 | D:5      | Noticed an ice beast
  4393 | D:5      | Killed an ice beast
  4454 | D:5      | Reached skill level 6 in Spellcasting
  4534 | D:5      | Reached XP level 7. HP: 36/36 MP: 12/18
  4675 | D:5      | Found Tozeuz's Fire Supplies.
  4685 | D:5      | Bought a +2 robe of fire resistance for 230 gold pieces
  5194 | D:5      | Noticed Grinder
  5206 | D:5      | Killed Grinder
  5207 | D:5      | Reached skill level 7 in Spellcasting
  5207 | D:5      | Reached skill level 5 in Hexes
  5642 | D:5      | Identified the +7 double sword of Okawaru's Reproof {pain,
                  | *Rage rElec rC+++ Str-5}
  5667 | D:6      | Reached XP level 8. HP: 41/41 MP: 13/20
  5716 | D:6      | Noticed a gargoyle
  5721 | D:6      | Noticed a cyclops
  5724 | D:6      | Noticed GilGalad's ghost (novice MiFi)
  5733 | D:6      | Found a transporter.
  5761 | D:6      | Found a transporter.
  5821 | D:6      | Reached * piety under Vehumet
  5821 | D:6      | Offered knowledge of Freeze by Vehumet.
  6210 | D:6      | Reached skill level 5 in Evocations
  6395 | D:7      | Noticed Joseph
  6750 | D:7      | Reached skill level 8 in Spellcasting
  7329 | D:8      | Found a flagged portal.
  7340 | Bailey   | Entered a bailey
  7412 | Bailey   | Noticed an orc knight
  7429 | Bailey   | Killed an orc knight
  7430 | Bailey   | Reached skill level 9 in Spellcasting
  7430 | Bailey   | Reached XP level 9. HP: 45/45 MP: 7/24
  7628 | Bailey   | Noticed an orc warlord
  7646 | Bailey   | Demolished by an orc warlord

Illustrated notes

Levels and vault maps discovered:
D:1:      amcnicky_arrival_single_pillar, layout_rooms, minmay_split_cup_large
D:2:      kennysheep_six_static_rooms, layout_loops_ring, basic_altar
D:3:      layout_basic, solitary_fountain, kennysheep_generic_room_10,
          uniq_terence
D:4:      layout_rooms, minmay_temple_entry_mist, serial_shops,
          nicolae_shop_hallway_plus, minivault_1
D:5:      layout_loops_cross, minmay_misc_feat_rows, minivault_27,
          nicolae_shop_fire_sale [nicolae_sub_dead_trees], uniq_grinder
D:6:      layout_rooms, gammafunk_ghost_arena
D:7:      layout_basic, serial_undead, serial_undead_e, serial_undead_e,
          serial_undead_f, serial_undead_b, uniq_joseph
D:8:      layout_basic, enter_bailey_2, grunt_ministairs_11,
          grunt_decor_mini_mirrors, nrook_mini_backslash, uniq_maurice,
          uniq_pikel
Temple:   mainiacjoe_temple_starburst
Bailey:   bailey_axe_minmay_hex_keep, bailey

Skill      XL: |  1  2  3  4  5  6  7  8 |
---------------+-------------------------+-----
Spellcasting   | 4 5 6 7 9 |  9.1
Conjurations   | 5 6 7 8 |  8.5
Hexes          | 1 2 3 5 7 |  7.7
Evocations     | 1 2 3 4 6 |  6.4
Dodging        | |  2.4
Stealth        | |  2.4

Action                   |  1- 3 |  4- 6 |  7- 9 || total
-------------------------+-------+-------+-------++-------
 Cast: Magic Dart        |    78 |    74 |    71 ||   223
       Searing Ray       |     2 |    21 |    33 ||    56
       Fulminant Prism   |       |       |    16 ||    16
Evoke: Wand              |       |       |     2 ||     2
  Use: Scroll            |     2 |     3 |     5 ||    10
       Potion            |     2 |     3 |     2 ||     7
Armor: Robe              |       |     7 |     5 ||    12
Dodge: Dodged            |     1 |    17 |    22 ||    40
